Unix NetHack Version 5.0.0-0 post-release - last build Jun 10 2026 00:39:30 (3ee93aec679c4c4259841fe613dc97188e26a321,branch:main).

Game began 2026-06-16 14:03:39, ended 2026-06-16 14:22:18.

Drastanta, lawful male human Knight

                                            ...
                                           ....----
                                          -....--.--
                                          |..).....|
                                          ---......|
                                            |....---
                                        ..  |....|
                                       -..----...--
                                      ..Gu.---....--
                                      ..)@).).......
                                      (.....--^.%---
                                       ..---|....--
                                        .   |.)...|
                                            ---..--
                                              |..|
                                              ----
Drastanta the Esquire    St:15 Dx:10 Co:13 In:9 Wi:14 Ch:17  Lawful
Dlvl:6  $:54 HP:0(35) Pw:42(42) AC:2  Xp:5 T:2715 

Latest messages:
 Your lamp is now on.
 You stop.  Your saddled pony is in the way!
 You swap places with your saddled pony.
 The gnome lord hurls a brilliant blue potion!
 The vial crashes on your head and breaks into shards.
 The brilliant blue potion evaporates.
 You feel rather tired.
 You are hit by a dagger!
 The gnome lord falls into a pit!
 The gnome lord zaps a forked wand!
 The gnome lord has made a hole in the floor.
 The gnome lord falls through...
 You can move again.
 You hear crashing rock.
 The saddled pony hits the dwarf.
 The saddled pony bites the dwarf.
 The dwarf misses the saddled pony.
 The saddled pony hits the dwarf.
 The dwarf is killed!
 You are hit by a dart.
 You are hit by a dart.
 The saddled pony picks up a dart.
 The gnome throws a dart!
 You are hit by a dart.
 The gnome hits!
 You kill the gnome!
 The gnome lord hits!
 You miss the gnome lord.
 The saddled pony hits the gnome lord.
 The saddled pony bites the gnome lord.
 The gnome lord misses the saddled pony.
 The saddled pony hits the gnome lord.
 The saddled pony bites the gnome lord.
 You hit the gnome lord.
 The saddled pony misses the gnome lord.
 The saddled pony misses the gnome lord.
 The gnome lord hits!
 You hit the gnome lord.
 The saddled pony misses the gnome lord.
 The saddled pony bites the gnome lord.
 The gnome lord hits the saddled pony.
 The gnome lord hits!
 A dagger misses you.
 You miss the gnome lord.
 The saddled pony misses the gnome lord.
 The saddled pony misses the gnome lord.
 You are hit by a dagger.
 You die...
 Do you want your possessions identified? [ynq] (y) y
 Do you want to see your attributes? [ynq] (y) q

Inventory:
 Coins    ('$')
  $ - 54 gold pieces
 Weapons  (')')
  a - a +1 long sword (weapon in right hand)
 Armor    ('[')
  d - an uncursed +0 helmet (being worn)
  f - an uncursed +0 pair of leather gloves (being worn)
  m - a cursed -2 pair of iron shoes
  e - an uncursed +1 small shield (being worn)
  c - an uncursed +1 ring mail (being worn)
 Comestibles  ('%')
  g - 11 uncursed apples
  h - 10 uncursed carrots
  k - an uncursed food ration
  b - 2 uncursed tripe rations
 Scrolls  ('?')
  l - an uncursed scroll of scare monster
  s - an uncursed scroll of teleportation
 Potions  ('!')
  E - an uncursed potion of booze
  i - an uncursed potion of full healing
  w - an uncursed potion of healing
  B - an uncursed potion of oil
  C - an uncursed potion of sickness
  D - an uncursed potion of speed
  A - a potion of holy water
  z - 2 uncursed potions of water
 Rings    ('=')
  v - an uncursed ring of see invisible
  n - an uncursed ring of teleportation
 Tools    ('(')
  p - a blessed magic lamp (lit)
  o - a magic marker (0:78)

Drastanta the Knight's attributes:

Background:
 You were an Esquire, a level 5 male human Knight.
 You were lawful, on a mission for Lugh
 who was opposed by Brigit (neutral) and Manannan Mac Lir (chaotic).
 You were right-handed.
 You were in the Gnomish Mines, on level 6.
 You entered the dungeon 2715 turns ago.
 There was a new moon in effect when your adventure ended.
 You had 190 experience points, 130 more were needed to attain level 6.

Basics:
 You had 0 out of 35 hit points.
 You had all 42 energy points (spell power).
 Your armor class was 2.
 Your wallet contained 54 zorkmids.
 Autopickup was on for '$' plus thrown.

Final Characteristics:
 Your strength was 15 (limit:18/100).
 Your dexterity was 10 (limit:18).
 Your constitution was 13 (limit:18).
 Your intelligence was 9 (limit:18).
 Your wisdom was 14 (limit:18).
 Your charisma was 17 (limit:18).

Final Status:
 You weren't hungry.
 You were unencumbered.
 You were wielding a long sword.
 You had basic skill with long sword.

Final Attributes:
 You were piously aligned.
 You could jump.
 You were warded.
 Your spell casting was impaired by metallic armor.
 You are dead.

Miscellaneous:
 You didn't encounter any bones levels.
 Total elapsed playing time was 17 minutes and 43 seconds.

Major events:
 Turn
    1: Drastanta the lawful male human Knight entered the dungeon
  460: attained the rank of Esquire (level 3)
 1860: entered the Gnomish Mines
 2715: killed by a dagger

Spells:
 Name                 Level Category     Fail Retention
 light                  1   divination   100%  76%-100%
 create monster         2   clerical      96%  76%-100%

Skills:
 Fighting Skills
   bare handed combat [Unskilled]
   two weapon combat  [Unskilled]
   riding             [Basic]
 Weapon Skills
   dagger             [Unskilled]
   knife              [Unskilled]
   axe                [Unskilled]
   pick-axe           [Unskilled]
   short sword        [Unskilled]
   broadsword         [Unskilled]
   long sword         [Basic]
   two-handed sword   [Unskilled]
   saber              [Unskilled]
   club               [Unskilled]
   mace               [Unskilled]
   morning star       [Unskilled]
   flail              [Unskilled]
   hammer             [Unskilled]
   polearms           [Unskilled]
   spear              [Unskilled]
   trident            [Unskilled]
   lance              [Basic]
   bow                [Unskilled]
   crossbow           [Unskilled]
 Spellcasting Skills
   attack spells      [Unskilled]
   healing spells     [Unskilled]
   clerical spells    [Unskilled]

Voluntary challenges:
 Character rerolling was not enabled.
 You never genocided any monsters.
 You never polymorphed an object.
 You never changed form.
 You used no wishes.
Achievements:
 You entered a shop.
 You attained the rank of Esquire.
 You entered the Gnomish Mines.

 The Dungeons of Doom: levels 1 to 4
    Level 1:
       Many fountains.
    Level 2:
       A general store, a sink.
    Level 3:
       A sink.
    Level 4:
       A potion shop.
       Stairs down to The Gnomish Mines.
 The Gnomish Mines: levels 5 to 6
    Level 5:
    Level 6: <- You were here.
       Final resting place for
          you, killed by a dagger.


Vanquished creatures:
  a large mimic
  2 gnome leaders
  3 dwarves
  a kobold leader
  3 hill orcs
  a centipede
  a coyote
  2 hobbits
  a yellow mold
 12 gnomes
  2 garter snakes
  4 geckos
  3 jackals
  2 foxes
  a kobold
  a goblin
  a sewer rat
  a grid bug
  a lichen
  2 kobold zombies
  5 newts
50 creatures vanquished.

No species were genocided or became extinct.

Game over:
                       ----------
                      /          \
                     /    REST    \
                    /      IN      \
                   /     PEACE      \
                  /                  \
                  |    Drastanta     |
                  |      54 Au       |
                  |   killed by a    |
                  |      dagger      |
                  |                  |
                  |                  |
                  |       2026       |
                 *|     *  *  *      | *
        _________)/\\_//(\/(/\)/\//\/|_)_______

Fare thee well Drastanta the Knight...

You died in The Gnomish Mines on dungeon level 6 with 1183 points,
and 54 pieces of gold, after 2715 moves.
You were level 5 with a maximum of 35 hit points when you died.

